 Dungeon Crawl Stone Soup version 0.26.1-11-gd32895ea62 (webtiles) character file.

Game seed: 8907686827135907465

4299 H0rd4k the Martial Artist (level 10, 0/62 HPs)
             Began as an Octopode Transmuter on July 1, 2021.
             Was an Initiate of Gozag.
             Killed from afar by an electric eel (12 damage)
             ... with a bolt of electricity
             ... on level 8 of the Dungeon.
             The game lasted 00:13:32 (13216 turns).

H0rd4k the Martial Artist (Octopode Transmuter)    Turns: 13216, Time: 00:13:33

Health: 0/62       AC:  1    Str: 10    XL:     10   Next: 32%
Magic:  18/18      EV: 16    Int: 17    God:    Gozag
Gold:   618        SH:  0    Dex: 14    Spells: 11/20 levels left

rFire    . . .     SeeInvis .     - Unarmed
rCold    . . .     Faith    .   (no shield)
rNeg     . . .     Spirit   .   (helmet restricted)
rPois    .         Reflect  .   (no amulet)
rElec    .         Harm     .   m - ring of wizardry
rCorr    .         Rampage  .   (no ring)
Will     .....                  (no ring)
Stlth    +++.......             (no ring)
HPRegen  0.20/turn              (no ring)
MPRegen  0.16/turn              (no ring)
                                (no ring)
                                (no ring)

@: no status effects
A: almost no armour, stealthy swim, amphibious, 8 rings, constrict 8, camouflage
1, gelatinous body 1
a: Renounce Religion, Potion Petition, Call Merchant, Bribe Branch


You were on level 8 of the Dungeon.
You worshipped Gozag.
Gozag was pleased with you.
You visited 2 branches of the dungeon, and saw 9 of its levels.
You also visited: Ossuary.

You collected 785 gold pieces.
You paid 167 gold pieces to Gozag.

Inventory:

Missiles
 n - 14 poisoned darts (quivered)
 t - 4 curare-tipped darts
 v - 4 atropa-tipped darts
Jewellery
 m - a ring of wizardry (left tentacle)
 E - an uncursed amulet of faith {unknown}
Wands
 r - a wand of random effects (22)
 u - a wand of digging (13)
 x - a wand of paralysis (8)
Scrolls
 a - 3 scrolls of enchant armour {unknown}
 b - 4 scrolls of teleportation
 d - a scroll of random uselessness {unknown}
 e - 3 scrolls of remove curse {unknown}
 g - a scroll of enchant weapon {unknown}
 i - 2 scrolls of fog {unknown}
 l - 4 scrolls of amnesia {unknown}
 o - a scroll of identify
 q - 2 scrolls of immolation {unknown}
 s - 3 scrolls of fear {unknown}
 w - a scroll of noise {unknown}
 y - a scroll of magic mapping {unknown}
 A - 2 scrolls of blinking {unknown}
 C - a scroll of vulnerability {unknown}
Potions
 c - 4 potions of heal wounds
 f - 2 potions of brilliance
 h - 7 potions of curing
 j - a potion of cancellation
 k - 4 potions of invisibility
 p - 4 potions of might
 z - 2 potions of magic
 B - a potion of lignification
 D - a potion of haste
 F - a potion of berserk rage {unknown}


   Skills:
 + Level 2.9 Fighting
 * Level 1.6 Throwing
 + Level 5.6 Dodging
 + Level 2.2 Stealth
 + Level 9.8 Unarmed Combat
 * Level 5.9 Spellcasting
 * Level 6.0 Transmutations
 + Level 4.4 Poison Magic


You had 11 spell levels left.
You knew the following spells:

 Your Spells              Type           Power        Failure   Level
a - Beastly Appendage     Tmut           50%          1%          1
b - Spider Form           Tmut/Pois      11%          1%          3
c - Blade Hands           Tmut           12%          12%         5

Your spell library contained the following spells:

 Spells                   Type           Power        Failure   Level
 Wereblood                Tmut           25%          1%          2
 Ice Form                 Ice/Tmut       15%          16%         4


Dungeon Overview and Level Annotations

Branches:
Dungeon (8/15)             Temple (1/1) D:6         Ossuary (visited)
   Lair: D:8-11

Altars:
Cheibriados
Dithmenos
Elyvilon
Gozag
Kikubaaqudgha
Makhleb
Nemelex Xobeh
Okawaru
Qazlal
Sif Muna
Trog
Uskayaw
Vehumet
Wu Jian
Yredelemnul
Zin

Annotations:
D:2 1 exclusion
D:3 3 runed translucent doors, exclusion: 3 doors, Descartes's ghost, amateur TrHu
D:4 1 runed translucent door, exclusion: door, Crazy Yiuf
D:7 1 exclusion


Innate Abilities, Weirdness & Mutations

You cannot wear most types of armour.
You are very stealthy in the water. (Stealth+)
You are amphibious.
You can wear up to eight rings at the same time.
You can use your tentacles to constrict eight enemies at once.
Your skin changes colour to match your surroundings (Stealth+).
Your rubbery body absorbs attacks. (AC +1, EV +1)


Message History

Aiming: Paralyse
Press: ? - help, Shift-Dir - straight line, f - electric eel
Aim: an electric eel (chance to affect: 54%)
The electric eel resists with significant effort.
The electric eel shoots out a bolt of lightning at you!
The bolt of electricity misses you.
The bolt of electricity hits the plant.
The plant begins to die.
The bolt of electricity hits the plant!
The plant begins to die.
The electric eel shoots out a bolt of lightning at you!
The bolt of electricity hits you!
The bolt of electricity hits the plant!
The plant begins to die.
The electric eel shoots out a bolt of lightning at you!
The bolt of electricity hits you!
The electric eel shoots out a bolt of lightning at you!
The bolt of electricity hits you!
* * * LOW HITPOINT WARNING * * *
The electric eel shoots out a bolt of lightning at you!
The bolt of electricity hits the plant.
The bolt of electricity hits you!
You die...
Your body crumbles into a pile of gold.

##.####....#♣≈≈≈..)≈≈≈≈♣≈##.P
#.##...##.♣♣≈≈P...≈P≈≈≈≈♣#..
#.##.####(♣♣≈P≈....≈≈≈≈≈♣...
#.#..# #.♣♣♣≈P≈..≈≈≈≈PP♣...
#...## #.♣♣≈≈≈...≈≈≈≈≈♣♣ ..
##### #.♣♣P≈...≈≈≈≈≈≈≈♣...
#..♣≈P≈..≈≈≈≈≈≈≈≈#
##.♣♣≈≈...≈≈≈≈≈♣##
#.@≈P....≈≈≈≈≈#
##..♣...P≈≈≈≈♣# ##.....≈≈P≈≈♣
##....♣;P≈♣♣ #####♣≈≈≈≈#
♣≈≈≈♣# #≈P♣#


You could see an electric eel.

Vanquished Creatures
  Joseph (D:7)
  Sigmund (D:4)
  Edmund (D:4)
  2 orc warriors
  A sky beast (D:6)
  4 black bears
  Duvessa (D:5)
  3 ice beasts
  An ogre (D:7)
  2 centaurs
  A big kobold (D:7)
  7 bullfrogs
  A water moccasin zombie (Ossuary)
  3 scorpions
  Dowan (D:5)
  4 wights (D:7)
  An electric eel (D:8)
  A howler monkey (D:4)
  3 bullfrog zombies
  A quasit (D:7)
  4 centaur zombies (Ossuary)
  4 hounds
  2 bullfrog skeletons
  A centaur skeleton (D:4)
  3 iguanas
  An orc priest (D:7)
  Ijyb (D:4)
  3 orc wizards
  6 worker ants
  3 hound zombies (Ossuary)
  2 hound skeletons (D:4)
  15 mummies (Ossuary)
  2 howler monkey zombies (Ossuary)
  3 worker ant zombies
  6 adders
  3 shadow imps
  5 ufetubi
  An adder skeleton (D:7)
  3 adder zombies
  3 worms
  2 dart slugs
  7 leopard geckos
  19 orcs
  A ball python (D:3)
  10 bats
  10 giant cockroaches
  2 gnoll zombies (D:2)
  5 goblins
  8 hobgoblins
  8 jackals
  A quokka (D:4)
  6 frilled lizards
  A giant cockroach zombie (Ossuary)
  A jackal zombie (D:7)
  12 kobolds
  A quokka skeleton (D:6)
  A quokka zombie (Ossuary)
  9 rats
215 creatures vanquished.

Vanquished Creatures (others)
  An orc (D:8)
  23 fungi
  21 plants (D:8)
  4 withered plants (Ossuary)
49 creatures vanquished.

Grand Total: 264 creatures vanquished

Notes
Turn   | Place    | Note
-------+----------+-------------------------------------------
     0 | D:1      | H0rd4k the Octopode Transmuter began the quest for the Orb.
     0 | D:1      | Reached XP level 1. HP: 13/13 MP: 3/3
   268 | D:1      | Reached XP level 2. HP: 6/18 MP: 5/5
  1028 | D:1      | Reached skill level 1 in Stealth
  1028 | D:1      | Reached XP level 3. HP: 23/23 MP: 6/6
  1032 | D:1      | Learned a level 3 spell: Spider Form
  1993 | D:2      | Found a burning altar of Makhleb.
  2585 | D:2      | Found a stormy altar of Qazlal.
  2609 | D:2      | Reached XP level 4. HP: 28/28 MP: 7/7
  2659 | D:2      | Found a basalt altar of Yredelemnul.
  2967 | D:3      | Reached skill level 4 in Unarmed Combat
  3410 | D:3      | Found a runed translucent gate.
  3410 | D:3      | Found a runed translucent gate.
  3411 | D:3      | Noticed a big kobold
  3411 | D:3      | Identified the +4 short sword of Evolution {venom, rC-
                  | Str+3 Int+5}
  3527 | D:3      | Found a runed translucent gate.
  3724 | D:3      | Reached skill level 1 in Poison Magic
  3899 | D:3      | Noticed Descartes's ghost (amateur TrHu)
  4308 | D:4      | Noticed Sigmund
  4321 | D:4      | Killed Sigmund
  4322 | D:4      | Reached skill level 5 in Unarmed Combat
  4322 | D:4      | Reached XP level 5. HP: 12/33 MP: 5/9
  4322 | D:4      | Reached XP level 6. HP: 14/38 MP: 5/10
  4906 | D:4      | Found a hide-covered altar of Uskayaw.
  5078 | D:4      | Reached XP level 7. HP: 28/43 MP: 8/11
  5193 | D:4      | Noticed Edmund
  5206 | D:4      | Killed Edmund
  5207 | D:4      | Reached skill level 6 in Unarmed Combat
  5623 | D:4      | Found a runed translucent door.
  5624 | D:4      | Noticed Crazy Yiuf
  5856 | D:4      | Noticed Ijyb
  5874 | D:4      | Killed Ijyb
  6037 | D:4      | Found an ornate altar of the Wu Jian Council.
  6121 | D:4      | Reached XP level 8. HP: 43/48 MP: 10/13
  6278 | D:5      | Entered Level 5 of the Dungeon
  6306 | D:5      | Found a sand-covered staircase.
  6716 | D:5      | Found a basalt altar of Yredelemnul.
  6929 | D:5      | Found a sparkling altar of Nemelex Xobeh.
  6950 | D:5      | Noticed Dowan
  6952 | D:5      | Noticed Duvessa
  6958 | D:5      | Killed Dowan
  6971 | D:5      | HP: 1/49 [Duvessa/+0 short sword (14)]
  6974 | D:5      | Killed Duvessa
  6975 | D:5      | Reached skill level 7 in Unarmed Combat
  7355 | D:5      | Found a bloodstained altar of Trog.
  7797 | D:6      | Found a snail-covered altar of Cheibriados.
  8108 | D:6      | Found a staircase to the Ecumenical Temple.
  8860 | D:6      | Got a shimmering marble ring
  8863 | D:6      | Identified the ring of Conformity {*Tele Dex+4} (You found
                  | it on level 6 of the Dungeon)
  8996 | D:7      | Found a sand-covered staircase.
  9095 | Ossuary  | Entered an ossuary
  9311 | Ossuary  | Reached skill level 5 in Transmutations
  9318 | Ossuary  | Learned a level 5 spell: Blade Hands
  9388 | Ossuary  | Reached XP level 9. HP: 46/55 MP: 15/15
  9430 | Ossuary  | Reached skill level 8 in Unarmed Combat
 10854 | Temple   | Entered the Ecumenical Temple
 10892 | Temple   | Became a worshipper of Gozag Ym Sagoz the Greedy
 10960 | D:7      | Reached skill level 9 in Unarmed Combat
 11199 | D:7      | Noticed Joseph
 11212 | D:7      | Killed Joseph
 11213 | D:7      | Reached skill level 5 in Spellcasting
 11222 | D:7      | Reached skill level 5 in Dodging
 11710 | D:7      | Reached XP level 10. HP: 61/62 MP: 16/18
 12083 | D:7      | Noticed a boulder beetle
 12452 | D:8      | Reached skill level 1 in Throwing
 13216 | D:8      | Killed from afar by an electric eel

Illustrated notes

Levels and vault maps discovered:
D:1:      mainiacjoe_arrival_reflecting_pool, layout_loops_corners,
          serial_park_tiny_pond
D:2:      layout_loops_ring, nicolae_overflow_hidden_temple,
          nicolae_qazlal_general_emergency, lemuel_zombie_altar_yredelemnul,
          serial_glass, glass_columns_b, glass_columns_c, glass_columns_b,
          glass_columns_a, due_unseen_surprise
D:3:      layout_basic, gammafunk_ghost_nasty_kobolds
D:4:      lemuel_upstairs_altar, layout_basic, lemuel_doored_altar,
          kennysheep_mini_moat, uniq_edmund, uniq_crazy_yiuf_cottage, uniq_ijyb,
          uniq_sigmund
D:5:      layout_basic, nemelex_altar_shiori, bloody_trog, enter_ossuary_1,
          yredelemnul_altar_generic, uniq_duvessa
D:6:      layout_basic, temple_doors_cd, basic_altar
D:7:      minmay_chambers_of_sixes, layout_loops_corners,
          nicolae_ossuary_entry_monument, wad_rectangle_vault, uniq_joseph
D:8:      layout_rooms, grunt_lair_entry_orc_guard_hut, serial_bayou_ford_a
Temple:   jpeg_temple_clearing

Skill      XL: |  1  2  3  4  5  6  7  8  9 10 |
---------------+-------------------------------+-----
Stealth        | 1 2 |  2.2
Unarmed Combat | 5 6 7 9 |  9.8
Poison Magic   | 2 3 4 |  4.4
Transmutations | 3 4 5 6 |  6.0
Spellcasting   | 3 4 5 |  5.9
Dodging        | 3 4 5 |  5.6
Fighting       | 2 |  2.9
Throwing       | 1 |  1.6

Action                   |  1- 3 |  4- 6 |  7- 9 | 10-12 || total
-------------------------+-------+-------+-------+-------++-------
Melee: Unarmed           |    97 |   109 |   399 |    86 ||   691
       Constrict         |    34 |    14 |    27 |     3 ||    78
       Tentacles         |    17 |    11 |    36 |     1 ||    65
       Punch             |     4 |     4 |    10 |     1 ||    19
Throw: Dart              |       |       |     6 |       ||     6
 Cast: Spider Form       |       |     7 |    28 |     9 ||    44
       Beastly Appendage |       |     1 |       |       ||     1
       Blade Hands       |       |       |     1 |       ||     1
Evoke: Wand              |       |       |       |     3 ||     3
  Use: Potion            |       |       |     2 |     1 ||     3
       Scroll            |       |       |     1 |    10 ||    11
 Stab: Sleeping          |     9 |     9 |     8 |     3 ||    29
       Distracted        |       |       |     1 |       ||     1
       Paralysed         |       |       |       |     2 ||     2
Armor: Skin              |     6 |     6 |    13 |     1 ||    26
Dodge: Dodged            |    56 |    51 |   236 |    71 ||   414
